 Dungeon Crawl Stone Soup version 0.20.0-15-g7f486f2 (webtiles) character file.

30 Chiseanne the Magician (level 3, 24/24 HPs)
             Began as a Demonspawn Wizard on June 15, 2017.
             Quit the game on level 2 of the Dungeon.
             The game lasted 00:01:48 (1360 turns).

Chiseanne the Magician (Demonspawn Wizard)          Turns: 1360, Time: 00:01:48

Health: 24/24      AC:  4    Str:  7    XL:     3   Next: 3%
Magic:  5/8        EV: 12    Int: 20    God:
Gold:   28         SH:  0    Dex: 11    Spells: 8/9 levels left

rFire    . . .     SeeInvis .   j - +0 whip
rCold    . . .     Gourm    .   (no shield)
rNeg     . . .     Faith    .   a - +0 robe
rPois    .         Spirit   .   b - +0 hat
rElec    .         Reflect  .   (no cloak)
rCorr    .         Harm     .   (no gloves)
MR       .....                  (no boots)
Stlth    +++.......             (no amulet)
Regen    0.1/turn               (no ring)
MPRegen  0.2/turn               (no ring)

@: no status effects
A: molten scales 1, nightstalker 1
a: no special abilities


You were on level 2 of the Dungeon.
You were not hungry.

You visited 1 branch of the dungeon, and saw 2 of its levels.

You collected 28 gold pieces.

Inventory:

Hand Weapons
 j - a +0 whip (weapon)
Missiles
 i - 101 stones (quivered)
 l - 2 throwing nets
 o - 12 arrows
Armour
 a - a +0 robe (worn)
 b - a +0 hat (worn)
Potions
 e - 2 potions of curing
 f - a potion of brilliance {unknown}
 g - a potion of invisibility {unknown}
 h - a potion of lignification {unknown}
 n - a potion of mutation {unknown}
Books
 c - a book of Minor Magic

   Spells                             Type                      Level
   a - Magic Dart                     Conjuration                  1
   b - Blink                          Translocation                2
   c - Call Imp                       Summoning                    2
   d - Slow                           Hexes                        2
   e - Conjure Flame                  Conjuration/Fire             3
   f - Mephitic Cloud                 Conjuration/Poison/Air       3
Comestibles
 d - 5 bread rations
 m - a fruit
 p - a meat ration


   Skills:
 - Level 1.7 Dodging
 - Level 1.7 Stealth
 * Level 3.6 Spellcasting
 * Level 2.0 Conjurations
   Level 1.0 Summonings
   Level 0.8 Translocations


You had 8 spell levels left.
You knew the following spells:

 Your Spells              Type           Power        Failure   Level  Hunger
a - Magic Dart            Conj           ##..         6%          1    None


Dungeon Overview and Level Annotations

Branches:
Dungeon (2/15)

Altars:


Innate Abilities, Weirdness & Mutations

You are partially covered in molten scales. (AC +2)
You are slightly more attuned to the shadows.


Message History

Confirm with . or Enter, or press ? or * to list all spells.
Aiming: Magic Dart
Press: ? - help, Shift-Dir - straight line, f - leopard gecko
Aim: a leopard gecko (hasn't noticed you)
The magic dart hits the leopard gecko.
The leopard gecko is heavily wounded.
The leopard gecko hisses angrily.
Casting: Magic Dart
Confirm with . or Enter, or press ? or * to list all spells.
Aiming: Magic Dart
Press: ? - help, Shift-Dir - straight line, f/p - leopard gecko
Aim: a leopard gecko (heavily wounded, clinging)
The magic dart hits the leopard gecko.
You kill the leopard gecko!
You have reached level 3!
Your experience leads to an increase in your attributes!
Increase (S)trength, (I)ntelligence, or (D)exterity?
You feel clever.
Your demonic ancestry asserts itself...
You slip into the darkness of the dungeon.
Are you sure you want to abandon this character and quit the game? (Confirm with "yes".)

#..........##...
#..........##.#
#.........<...#
#.............#
#.............##
#####'####.....# #.#
#.....#
#######.####.....##
.......@.........>######
######..#...............
#..#.##......##.##.
#..#.##......##.##. #..#
####+#.##.##. #..#
#....... #.†# .....##.
.... #.##.##. #.......


There were no monsters in sight!

Vanquished Creatures
  A dart slug (D:1)
  2 leopard geckos
  7 bats
  A goblin (D:1)
  2 hobgoblins
  4 jackals (D:2)
  3 frilled lizards
  5 rats
25 creatures vanquished.

Notes
Turn   | Place    | Note
-------+----------+-------------------------------------------
     0 | D:1      | Chiseanne the Demonspawn Wizard began the quest for the Orb.
     0 | D:1      | Reached XP level 1. HP: 13/13 MP: 4/4
   355 | D:1      | Gained mutation: You are partially covered in molten scales. (AC +2) [demonic ancestry]
   355 | D:1      | Reached XP level 2. HP: 19/19 MP: 0/6
  1359 | D:2      | Gained mutation: You are slightly more attuned to the shadows. [demonic ancestry]
  1359 | D:2      | Reached XP level 3. HP: 24/24 MP: 5/8
  1360 | D:2      | Quit the game

Skill      XL: |  1  2 |
---------------+-------+-----
Conjurations   | 2 |  2.0
Dodging        | |  1.7
Stealth        | |  1.7
Spellcasting   | |  3.6
Summonings     | |  1.0
Translocations | |  0.8

Action                   || total
-------------------------++-------
Melee: Unarmed           ||     1
       Whip              ||    27
 Cast: Magic Dart        ||    51
  Use: Scroll            ||     4
  Eat: Chunk             ||     1
Armor: Robe              ||    13
Dodge: Dodged            ||    33
